| TOP OF THE 1ST |
|
Mobile BayBears batting - Pitching for Mississippi Braves : LHP Fred Kelly
|
|
Pitching: LHP Fred Kelly
|
|
|
Batting: RHB Francisco Gutierrez
|
0-0: Called Strike 0-1: SINGLE (Line Drive, 7S, EV 85.6 MPH)
|
|
Batting: LHB Yao-pang Tien
|
0-0: Called Strike 0-1: Ball 1-1: Foul Ball, location: 2F 1-2: Fielders Choice at 2nd, 4-6 (Groundball, 4, EV 90.6 MPH)
|
|
Batting: RHB Seth Tramontano
|
0-0: Ball 1-0: Swinging Strike 1-1: Called Strike 1-2: Ball 2-2: Foul Ball, location: 2F 2-2: Ball Wild Pitch! Yao-pang Tien to second 3-2: Ground out U3 (Groundball, 34, EV 94.4 MPH) Yao-pang Tien to third
|
|
Batting: RHB Josh Burrows
|
0-0: Swinging Strike 0-1: Swinging Strike 0-2: Ball 1-2: Foul Ball, location: 2F 1-2: Fly out, F9 (Flyball, 9, EV 91.9 MPH)
|
| Top of the 1st over - 0 runs, 1 hit, 0 errors, 1 left on base; Mobile 0 - Mississippi 0 |
| BOTTOM OF THE 1ST |
|
Mississippi Braves batting - Pitching for Mobile BayBears : LHP Steve Calhoon
|
|
Pitching: LHP Steve Calhoon
|
|
|
Batting: RHB Luis Restrepo
|
0-0: Called Strike 0-1: Foul Ball, location: 2F 0-2: Ball 1-2: Ball 2-2: Ball 3-2: SINGLE (Groundball, 6MD, EV 110.6 MPH)
|
|
Batting: RHB Eddie McCoy
|
0-0: Ball 1-0: Ball 2-0: Foul Ball, location: 2F 2-1: Called Strike 2-2: DOUBLE (Line Drive, 89XD, EV 108.1 MPH) Luis Restrepo to third
|
|
Batting: LHB Art D'Ascenzo
|
0-0: Called Strike 0-1: Ball 1-1: Ball 2-1: SINGLE (Line Drive, 34D, EV 103.1 MPH) Luis Restrepo scores Eddie McCoy to third Runner from 3rd tries for Home, SAFE, throw by RF to home
|
|
Batting: RHB Tim Molchan
|
0-0: Foul Ball, location: 2F 0-1: Called Strike 0-2: Ball 1-2: Foul Ball, location: 2F 1-2: Strikes out swinging
|
|
Batting: LHB Sal Fernandez
|
0-0: Ball Art D'Ascenzo is caught stealing 2nd base 2-6 1-0: Ball 2-0: Ball 3-0: Called Strike 3-1: Called Strike 3-2: Ground out U3 (Groundball, 3, EV 88.8 MPH)
|
| Bottom of the 1st over - 2 runs, 3 hits, 0 errors, 0 left on base; Mobile 0 - Mississippi 2 |
| TOP OF THE 2ND |
|
Mobile BayBears batting - Pitching for Mississippi Braves : LHP Fred Kelly
|
|
Batting: SHB Reagan Dudley
|
0-0: Ball 1-0: Ball 2-0: Called Strike 2-1: Foul Ball, location: 2F 2-2: Foul Ball, location: 2F 2-2: Strikes out swinging
|
|
Batting: SHB Rich Muniz
|
0-0: Swinging Strike 0-1: SINGLE (Groundball, 4M, EV 97.5 MPH) (infield hit)
|
|
Batting: RHB Sean Tanner
|
0-0: Foul Ball, location: 2F 0-1: Ball 1-1: Ball 2-1: Ball 3-1: Fly out, F8 (Line Drive, 78M, EV 100.0 MPH)
|
|
Batting: LHB Koson Hirai
|
0-0: Ball 1-0: DOUBLE (Line Drive, 89D, EV 105.6 MPH) Rich Muniz to third Runner from 3rd tries for Home, throw by RF and OUT! 9-4-2
|
| Top of the 2nd over - 0 runs, 2 hits, 0 errors, 1 left on base; Mobile 0 - Mississippi 2 |
| BOTTOM OF THE 2ND |
|
Mississippi Braves batting - Pitching for Mobile BayBears : LHP Steve Calhoon
|
|
Batting: SHB Jose Melendez
|
0-0: Ball 1-0: Ball 2-0: Foul Ball, location: 2F 2-1: Called Strike 2-2: Foul Ball, location: 2F 2-2: Ground out 6-3 (Groundball, 6S, EV 66.9 MPH)
|
|
Batting: RHB Elias Vences
|
0-0: Ball 1-0: Ground out 6-3 (Groundball, 6, EV 90.6 MPH)
|
|
Batting: LHB Fred Arends
|
0-0: Called Strike 0-1: DOUBLE (Line Drive, 78D, EV 106.9 MPH)
|
|
Batting: RHB Gerard Michel
|
0-0: Ground out 5-3 (Groundball, 56S, EV 86.9 MPH)
|
| Bottom of the 2nd over - 0 runs, 1 hit, 0 errors, 1 left on base; Mobile 0 - Mississippi 2 |
| TOP OF THE 3RD |
|
Mobile BayBears batting - Pitching for Mississippi Braves : LHP Fred Kelly
|
|
Batting: LHB Frank Mullen
|
0-0: Called Strike 0-1: Foul Ball, location: 2F 0-2: Foul Ball, location: 2F 0-2: Foul Ball, location: 2F 0-2: Ball 1-2: Ball 2-2: Ball 3-2: Fly out, F8 (Line Drive, 78D, EV 91.2 MPH)
|
|
Batting: RHB Francisco Gutierrez
|
0-0: Fly out, F9 (Flyball, 9LS, EV 79.4 MPH)
|
|
Batting: LHB Yao-pang Tien
|
0-0: Foul Ball, location: 2F 0-1: Called Strike 0-2: Ground out 4-3 (Groundball, 34, EV 84.4 MPH)
|
| Top of the 3rd over - 0 runs, 0 hits, 0 errors, 0 left on base; Mobile 0 - Mississippi 2 |
| BOTTOM OF THE 3RD |
|
Mississippi Braves batting - Pitching for Mobile BayBears : LHP Steve Calhoon
|
|
Batting: RHB Luis Restrepo
|
0-0: Swinging Strike 0-1: Swinging Strike 0-2: Ball 1-2: Strikes out swinging
|
|
Batting: RHB Eddie McCoy
|
0-0: Ball 1-0: Ball 2-0: Ball 3-0: Base on Balls
|
|
Batting: LHB Art D'Ascenzo
|
0-0: Called Strike 0-1: Ball 1-1: Ball 2-1: Ball 3-1: Called Strike 3-2: Strikes out swinging
|
|
Batting: RHB Tim Molchan
|
0-0: Ball 1-0: Fly out, F7 (Flyball, 7D, EV 98.8 MPH)
|
| Bottom of the 3rd over - 0 runs, 0 hits, 0 errors, 1 left on base; Mobile 0 - Mississippi 2 |
| TOP OF THE 4TH |
|
Mobile BayBears batting - Pitching for Mississippi Braves : LHP Fred Kelly
|
|
Batting: RHB Seth Tramontano
|
0-0: Ball 1-0: Foul Ball, location: 2F 1-1: Fly out, F8 (Flyball, 8RD, EV 92.5 MPH)
|
|
Batting: RHB Josh Burrows
|
0-0: DOUBLE (Line Drive, 89D, EV 110.0 MPH)
|
|
Batting: SHB Reagan Dudley
|
0-0: Ball 1-0: Foul Ball, location: 2F 1-1: Foul Ball, location: 2F 1-2: Ground out 4-3 (Groundball, 4, EV 87.5 MPH) Josh Burrows to third
|
|
Batting: SHB Rich Muniz
|
0-0: Ball 1-0: Ball Wild Pitch! Josh Burrows scores 2-0: Called Strike 2-1: Called Strike 2-2: Strikes out swinging
|
| Top of the 4th over - 1 run, 1 hit, 0 errors, 0 left on base; Mobile 1 - Mississippi 2 |
| BOTTOM OF THE 4TH |
|
Mississippi Braves batting - Pitching for Mobile BayBears : LHP Steve Calhoon
|
|
Batting: LHB Sal Fernandez
|
0-0: Ball 1-0: Ball 2-0: Ball 3-0: Called Strike 3-1: Foul Ball, location: 2F 3-2: Strikes out looking
|
|
Batting: SHB Jose Melendez
|
0-0: Foul Ball, location: 2F 0-1: Ball 1-1: Ball 2-1: Ball 3-1: Ground out 6-3 (Groundball, 6, EV 80.6 MPH)
|
|
Batting: RHB Elias Vences
|
0-0: Ball 1-0: Ball 2-0: Called Strike 2-1: Ball 3-1: Base on Balls
|
|
Batting: LHB Fred Arends
|
0-0: Ball Elias Vences steals 2nd base 1-0: Ground out U3 (Groundball, 3, EV 84.4 MPH)
|
| Bottom of the 4th over - 0 runs, 0 hits, 0 errors, 1 left on base; Mobile 1 - Mississippi 2 |
| TOP OF THE 5TH |
|
Mobile BayBears batting - Pitching for Mississippi Braves : LHP Fred Kelly
|
|
Batting: RHB Sean Tanner
|
0-0: Called Strike 0-1: Ball 1-1: Ball 2-1: Ball 3-1: Foul Ball, location: 2F 3-2: Ground out 6-3 (Groundball, 6, EV 83.8 MPH)
|
|
Batting: LHB Koson Hirai
|
0-0: Ball 1-0: Foul Ball, location: 2F 1-1: Hit by Pitch
|
|
Batting: LHB Frank Mullen
|
0-0: Ball Wild Pitch! Koson Hirai to second 1-0: Ball 2-0: Called Strike 2-1: Ball 3-1: Foul Ball, location: 2F 3-2: Hit by Pitch
|
|
Batting: RHB Francisco Gutierrez
|
0-0: Ball 1-0: Ball 2-0: Ball 3-0: Base on Balls Koson Hirai to third Frank Mullen to second
|
|
Batting: LHB Yao-pang Tien
|
0-0: Foul Ball, location: 2F 0-1: Ball 1-1: Foul Ball, location: 2F 1-2: Ball 2-2: Grounds into fielders choice 6-2 (Groundball, 4M, EV 99.4 MPH) Frank Mullen to third Francisco Gutierrez to second
|
|
Batting: RHB Seth Tramontano
|
0-0: Ball 1-0: Ball 2-0: Called Strike 2-1: SINGLE (Flyball, 78S, EV 91.2 MPH) Frank Mullen scores Francisco Gutierrez to third Yao-pang Tien to second Runner from 3rd tries for Home, SAFE, throw by LF to home
|
|
Batting: RHB Josh Burrows
|
0-0: Foul Ball, location: 2F 0-1: Called Strike 0-2: Foul Ball, location: 2F 0-2: Strikes out swinging
|
| Top of the 5th over - 2 runs, 1 hit, 0 errors, 2 left on base; Mobile 3 - Mississippi 2 |
| BOTTOM OF THE 5TH |
|
Mississippi Braves batting - Pitching for Mobile BayBears : LHP Steve Calhoon
|
|
Batting: RHB Gerard Michel
|
0-0: Ball 1-0: Foul Ball, location: 2F 1-1: Called Strike 1-2: Fly out, F7 (Line Drive, 78M, EV 105.0 MPH)
|
|
Batting: RHB Luis Restrepo
|
0-0: Called Strike 0-1: Ball 1-1: Swinging Strike 1-2: Foul Ball, location: 2F 1-2: Ball 2-2: Strikes out swinging
|
|
Pitching: LHP Jon Davis
|
|
|
Batting: RHB Eddie McCoy
|
0-0: Called Strike 0-1: Ground out 4-3 (Groundball, 4, EV 88.1 MPH)
|
| Bottom of the 5th over - 0 runs, 0 hits, 0 errors, 0 left on base; Mobile 3 - Mississippi 2 |
| TOP OF THE 6TH |
|
Mobile BayBears batting - Pitching for Mississippi Braves : LHP Fred Kelly
|
|
Batting: SHB Reagan Dudley
|
0-0: Foul Ball, location: 2F 0-1: Ball 1-1: Called Strike 1-2: Strikes out swinging
|
|
Batting: SHB Rich Muniz
|
0-0: SINGLE (Groundball, 56D, EV 95.6 MPH)
|
|
Batting: RHB Sean Tanner
|
0-0: Ball 1-0: Swinging Strike 1-1: Swinging Strike 1-2: Ball 2-2: Ball 3-2: DOUBLE (Flyball, 78D, EV 106.2 MPH) Rich Muniz to third
|
|
Pitching: RHP Justin Collins
|
|
|
Batting: LHB Koson Hirai
|
0-0: Foul Ball, location: 2F 0-1: Ball 1-1: Ball 2-1: DOUBLE (Groundball, 3L, EV 105.6 MPH) Rich Muniz scores Sean Tanner scores
|
|
Batting: LHB Frank Mullen
|
0-0: Ball 1-0: Called Strike 1-1: Ball 2-1: Foul Ball, location: 2F 2-2: Ball 3-2: Base on Balls
|
|
Batting: RHB Francisco Gutierrez
|
0-0: SINGLE (Line Drive, 4MD, EV 104.4 MPH) Koson Hirai to third Frank Mullen to second Throwing error, E8 Koson Hirai scores Frank Mullen to third Francisco Gutierrez to second
|
|
Batting: LHB Yao-pang Tien
|
0-0: Intentional Walk
|
|
Batting: RHB Seth Tramontano
|
0-0: Ball 1-0: Called Strike 1-1: Ball 2-1: Ball 3-1: Called Strike 3-2: Strikes out swinging
|
|
Batting: RHB Josh Burrows
|
0-0: Foul Ball, location: 2F 0-1: Ball 1-1: Ball 2-1: Ball 3-1: Base on Balls Frank Mullen scores Francisco Gutierrez to third Yao-pang Tien to second
|
|
Batting: SHB Reagan Dudley
|
0-0: Ball 1-0: Called Strike 1-1: Swinging Strike 1-2: Foul Ball, location: 2F 1-2: Strikes out swinging
|
| Top of the 6th over - 4 runs, 4 hits, 1 error, 3 left on base; Mobile 7 - Mississippi 2 |
| BOTTOM OF THE 6TH |
|
Mississippi Braves batting - Pitching for Mobile BayBears : LHP Jon Davis
|
|
Batting: LHB Art D'Ascenzo
|
0-0: Ball 1-0: Called Strike 1-1: Ball 2-1: Ball 3-1: Ground out 4-3 (Groundball, 4, EV 98.8 MPH)
|
|
Batting: RHB Tim Molchan
|
0-0: Ball 1-0: Called Strike 1-1: Ball 2-1: Foul Ball, location: 2F 2-2: SINGLE (Line Drive, 8LS, EV 111.9 MPH)
|
|
Batting: LHB Sal Fernandez
|
0-0: Called Strike 0-1: Foul Ball, location: 2F 0-2: Ball 1-2: Fielders Choice at 2nd, 4-6 (Groundball, 34, EV 80.6 MPH)
|
|
Batting: SHB Jose Melendez
|
0-0: Called Strike 0-1: Ball Sal Fernandez is caught stealing 2nd base 2-4
|
| Bottom of the 6th over - 0 runs, 1 hit, 0 errors, 0 left on base; Mobile 7 - Mississippi 2 |
| TOP OF THE 7TH |
|
Mobile BayBears batting - Pitching for Mississippi Braves : RHP Justin Collins
|
|
Batting: SHB Rich Muniz
|
0-0: Foul Ball, location: 2F 0-1: Foul Ball, location: 2F 0-2: Hit by Pitch
|
|
Pitching: RHP Andy Britton
|
|
|
Batting: RHB Sean Tanner
|
Pickoff Throw to First - Out! 1-3 0-0: Called Strike 0-1: Called Strike 0-2: Ball 1-2: Ground out 6-3 (Groundball, 6, EV 90.0 MPH)
|
|
Batting: LHB Koson Hirai
|
0-0: Ball 1-0: Swinging Strike 1-1: Called Strike 1-2: Fly out, F6 (Popup, 6M, EV 70.0 MPH)
|
| Top of the 7th over - 0 runs, 0 hits, 0 errors, 0 left on base; Mobile 7 - Mississippi 2 |
| BOTTOM OF THE 7TH |
|
Mississippi Braves batting - Pitching for Mobile BayBears : LHP Jon Davis
|
|
Batting: SHB Jose Melendez
|
0-0: Ball 1-0: Foul Ball, location: 2F 1-1: Foul Ball, location: 2F 1-2: Ground out 5-3 (Groundball, 56, EV 88.1 MPH)
|
|
Batting: RHB Elias Vences
|
0-0: Fly out, F8 (Flyball, 89M, EV 91.2 MPH)
|
|
Batting: LHB Fred Arends
|
0-0: Ball 1-0: Called Strike 1-1: Ball 2-1: Foul Ball, location: 2F 2-2: Fly out, F7 (Flyball, 78S, EV 85.0 MPH)
|
| Bottom of the 7th over - 0 runs, 0 hits, 0 errors, 0 left on base; Mobile 7 - Mississippi 2 |
| TOP OF THE 8TH |
|
Mobile BayBears batting - Pitching for Mississippi Braves : RHP Andy Britton
|
|
Batting: LHB Frank Mullen
|
0-0: Ball 1-0: Ball 2-0: Ball 3-0: Called Strike 3-1: Base on Balls
|
|
Batting: RHB Francisco Gutierrez
|
0-0: Ball 1-0: Ball 2-0: Ball 3-0: Called Strike 3-1: Foul Ball, location: 2F 3-2: Foul Ball, location: 2F 3-2: Foul Ball, location: 2F 3-2: Strikes out looking Frank Mullen steals 2nd base Batter strikes out.
|
|
Batting: LHB Yao-pang Tien
|
0-0: Called Strike 0-1: SINGLE (Groundball, 4, EV 104.4 MPH) Frank Mullen to third Runner from 3rd tries for Home, SAFE, throw by CF to home
|
|
Batting: RHB Seth Tramontano
|
0-0: Called Strike 0-1: Foul Ball, location: 2F 0-2: Ball 1-2: 2-RUN HOME RUN (Flyball, 7D, EV 110.0 MPH), Distance : 440 ft
|
|
Batting: RHB Josh Burrows
|
0-0: Foul Ball, location: 2F 0-1: Swinging Strike 0-2: Ball 1-2: Ball 2-2: Ball 3-2: Base on Balls
|
|
Pitching: RHP Chris Hawkins
|
|
|
Pinch Hitting: SHB Ed Vargas
|
0-0: Ground out 3-1 (Groundball, 34S, EV 85.6 MPH) Josh Burrows to second
|
|
Pinch Hitting: RHB Dave Glenn
|
0-0: Called Strike 0-1: Ball 1-1: Ball 2-1: Ground out 3-1 (Groundball, 34, EV 83.1 MPH)
|
| Top of the 8th over - 3 runs, 2 hits, 0 errors, 1 left on base; Mobile 10 - Mississippi 2 |
| BOTTOM OF THE 8TH |
|
Mississippi Braves batting - Pitching for Mobile BayBears : LHP Jon Davis
|
|
Now at 1B: Josh Burrows
|
|
|
Now at 3B: Dave Glenn
|
|
|
Now at SS: Ed Vargas
|
|
|
Batting: RHB Gerard Michel
|
0-0: Called Strike 0-1: Foul Ball, location: 2F 0-2: Strikes out swinging
|
|
Batting: RHB Luis Restrepo
|
0-0: Called Strike 0-1: Ball 1-1: Ball 2-1: Ball 3-1: Base on Balls
|
|
Batting: RHB Eddie McCoy
|
0-0: Ball 1-0: Ball 2-0: Ball 3-0: Base on Balls Luis Restrepo to second
|
|
Batting: LHB Art D'Ascenzo
|
0-0: Ball 1-0: Called Strike 1-1: Fly out, F7 (Flyball, 78M, EV 92.5 MPH)
|
|
Pitching: RHP Dan Thompson
|
|
|
Batting: RHB Tim Molchan
|
0-0: Ground out U3 (Groundball, 34, EV 83.1 MPH)
|
| Bottom of the 8th over - 0 runs, 0 hits, 0 errors, 2 left on base; Mobile 10 - Mississippi 2 |
| TOP OF THE 9TH |
|
Mobile BayBears batting - Pitching for Mississippi Braves : RHP Chris Hawkins
|
|
Pinch Hitting: SHB Ken Welch
|
0-0: Ball 1-0: Ground out U3 (Groundball, 3, EV 86.9 MPH)
|
|
Pinch Hitting: RHB Paul Schreiber
|
0-0: Swinging Strike 0-1: Ball 1-1: Foul Ball, location: 2F 1-2: Ball 2-2: Foul Ball, location: 2F 2-2: Ball 3-2: Strikes out swinging
|
|
Batting: LHB Frank Mullen
|
0-0: Swinging Strike 0-1: Ball 1-1: Called Strike 1-2: Foul Ball, location: 2F 1-2: Strikes out swinging
|
| Top of the 9th over - 0 runs, 0 hits, 0 errors, 0 left on base; Mobile 10 - Mississippi 2 |
| BOTTOM OF THE 9TH |
|
Mississippi Braves batting - Pitching for Mobile BayBears : RHP Dan Thompson
|
|
Now at C: Yasuo Nakata
|
|
|
Now in LF: Seth Tramontano
|
|
|
Now in CF: Francisco Gutierrez
|
|
|
Now in RF: Paul Schreiber
|
|
|
Batting: LHB Sal Fernandez
|
0-0: Fly out, F8 (Line Drive, 78D, EV 86.9 MPH)
|
|
Batting: SHB Jose Melendez
|
0-0: Ball 1-0: Foul Ball, location: 2F 1-1: Foul Ball, location: 2F 1-2: Strikes out looking
|
|
Batting: RHB Elias Vences
|
0-0: Called Strike 0-1: Ball 1-1: Foul Ball, location: 2F 1-2: Ball 2-2: Reached on error, E6 (Groundball, 56, EV 87.5 MPH)
|
|
Batting: LHB Fred Arends
|
0-0: Foul Ball, location: 2F 0-1: Foul Ball, location: 2F 0-2: Ground out 4-3 (Groundball, 4, EV 89.4 MPH)
|
| Bottom of the 9th over - 0 runs, 0 hits, 1 error, 1 left on base; Mobile 10 - Mississippi 2 |
|